 Dungeon Crawl Stone Soup version 0.30-a0-726-gd89dcf765f (webtiles) character file.

Game seed: 8030761955512771493

242 kae the Digger (level 6, 0/32 HPs)
             Began as a Gargoyle Earth Elementalist on Jan 29, 2023.
             Slain by Crazy Yiuf
             ... wielding a +3 quarterstaff of chaos
              (13 damage)
             ... on level 4 of the Dungeon.
             The game lasted 00:03:52 (3003 turns).

kae the Digger (Gargoyle Earth Elementalist)        Turns: 3003, Time: 00:03:53

Health: 0/32       AC:  6    Str: 12    XL:     6   Next: 9%
Magic:  1/11       EV: 11    Int: 17    God:
Gold:   131        SH:  0    Dex: 10    Spells: 4/11 levels left

rFire   . . .      SeeInvis .    (no weapon)
rCold   . . .      Faith    .    (no shield)
rNeg    + . .      Spirit   .    a - +0 robe
rPois   ∞          Reflect  .    (no helmet)
rElec   +          Harm     .    (no cloak)
rCorr   .          Rampage  .    (no gloves)
Will    .....                    (no boots)
Stlth   ++                       (no amulet)
HPRegen 0.25/turn                (no ring)
MPRegen 0.12/turn                (no ring)

@: very slightly contaminated
A: sickness immunity, AC +4, negative energy resistance 1, electricity
resistance, torment resistance 1, petrification resistance
a: no special abilities


You were on level 4 of the Dungeon.
You visited 1 branch of the dungeon, and saw 4 of its levels.

You collected 131 gold pieces.


Innate Abilities, Weirdness & Mutations

You are immune to sickness and miasma.
Your stone body is resilient. (AC +4)
You are immune to poison.
You resist negative energy. (rN+)
You are resistant to electric shocks. (rElec)
You are resistant to unholy torment.
You are immune to petrification.


   Skills:
 - Level 1.5 Dodging
 - Level 2.1 Stealth
 + Level 3.3 Spellcasting
 + Level 2.2 Conjurations
 - Level 0.7 Transmutations
 * Level 6.4 Earth Magic


You had 4 spell levels left.
You knew the following spells:

 Your Spells              Type           Power      Damage    Failure   Level
a - Sandblast             Erth           48%        2d12      1%          1
b - Passwall              Tmut/Erth      12%        N/A       6%          2
c - Apportation           Tloc           4%         N/A       17%         1
d - Stone Arrow           Conj/Erth      34%        3d9       9%          3

Your spell library contained the following spells:

 Spells                   Type           Power      Damage    Failure   Level
 Necrotise                Necr           8%         1d4       17%         1
 Summon Small Mammal      Summ           8%         N/A       17%         1
 Petrify                  Tmut/Erth      15%        N/A       36%         4
 Animate Armour           Summ/Erth      26%        N/A       41%         4
 Animate Dead             Necr           2%         N/A       86%         4
 Borgnjor's Vile Clutch   Necr/Erth      6%         N/A       77%         5
 Death Channel            Necr           1%         N/A       100%        6
 Lehudib's Crystal Spear  Conj/Erth      8%         10d4      100%        8

Inventory:

Missiles
 g - 2 poisoned darts
 h - 7 stones
 m - 8 boomerangs
 w - 3 datura-tipped darts
Armour
 a - a +0 robe (worn)
Scrolls
 d - 2 scrolls of enchant armour {unknown}
 o - a scroll of magic mapping {unknown}
 q - a scroll of vulnerability {unknown}
 r - 2 scrolls of enchant weapon {unknown}
 s - 3 scrolls of teleportation {unknown}
 u - a scroll of fear {unknown}
 v - a scroll of blinking {unknown}
Potions
 b - a potion of magic
 c - a potion of heal wounds {unknown}
 e - 2 potions of brilliance {unknown}
 f - 3 potions of flight
 i - a potion of attraction {unknown}
 j - 2 potions of might
 k - a potion of resistance
 l - 2 potions of curing {unknown}
 n - 2 potions of mutation {unknown}
 p - a potion of degeneration {unknown}
 t - a potion of ambrosia {unknown}

Dungeon Overview and Level Annotations

Branches:
Dungeon (4/15) Zot: 20944
 Temple: D:4-7

Altars:
Gozag
Kikubaaqudgha
Makhleb
Nemelex Xobeh
Trog

Shops:
D:4 (

Annotations:
D:4 Crazy Yiuf

........###...##.##.#
#.#
#.............∩.....#
#.#
#.............##.##.#
#.#
#..#.################
#.# #..####.<# #.#
#........# ####.#
#........# ###
######....#
##.#####.# #)))###
##......#### #.# #.#
#.))g@####......##
#.# #.#
#)))##))#)#....## #.#
#.# ### ###)#)...##
#.# #.# ######## ##.#
#.# #..# #.# ### #.##
#.###.# #.# #.....#
#.#########..# #


You could see Crazy Yiuf.


Message History

The blast of sand hits the orc!
You kill the orc!
The orc misses you. 😱 MP[-1]
You lost 1 mp, and now have 2/11 mp.
Casting: Sandblast (safe; 1% risk of failure)
Confirm with . or Enter, or press ? or * to list all spells.
Aiming: Sandblast (safe; 1% risk of failure)
Press: ? - help, Shift-Dir - straight line, f - orc
Aim: an orc, wielding a +0 mace (83% to hit)
The blast of sand hits the orc!
You kill the orc! 😱 MP[-1]
You lost 1 mp, and now have 1/11 mp.
Casting: Sandblast (safe; 1% risk of failure)
Confirm with . or Enter, or press ? or * to list all spells.
You can't see any susceptible monsters within range! (Use Z to cast anyway.)
Casting: Sandblast (safe; 1% risk of failure)
Confirm with . or Enter, or press ? or * to list all spells.
You can't see any susceptible monsters within range! (Use Z to cast anyway.)
You start resting. 😮 HP[+16] MP[+8]
You regained 16 hp, and now have 23/32 hp.
You regained 8 mp, and now have 9/11 mp.
Unknown command.
Items here: )) ††.
Things that are here:
a +0 club; a +0 ring mail You see here a ball python corpse.
You see here a ball python corpse.
You see here a ball python corpse.
You see here a ball python corpse.
Items here: )) ††.
Key pressed, stopping explore.
Unknown command. 😎 HP[+9] MP[+2]
Your hp is fully restored (32).
Your mp is fully restored (11).
You see here a +0 short sword.
You see here a +0 cloak.
You now have 131 gold pieces (gained 16).
There is an entrance to Qoniovik's Weapon Shoppe here.
You see here a +0 hammer.
You see here a +0 hammer.
You see here a +0 hammer.
Key pressed, stopping explore.
You see here a +0 hammer.
You see here a +0 hammer.
Could not explore, unopened runed door.
Could not explore, unopened runed door.
You open the door.
Crazy Yiuf shouts!
Casting: Sandblast (safe; 1% risk of failure)
Confirm with . or Enter, or press ? or * to list all spells.
Aiming: Apportation (safe; 17% risk of failure)
Press: ? - help, Dir - move target Apport: a +0 hammer You miscast Apportation.
You are very lightly contaminated with residual magic.
Nothing appears to happen.
Crazy Yiuf hits you with a +3 quarterstaff of chaos. 😕 HP[-6] MP[-1]
You take 6 damage, and now have 26/32 hp.
You lost 1 mp, and now have 10/11 mp.
Casting: Apportation (safe; 17% risk of failure)
Confirm with . or Enter, or press ? or * to list all spells.
The spell is quite dangerous to miscast (9% risk of failure)!
Continue anyway? [Y]es or [N]o only, please.
The spell is quite dangerous to miscast (9% risk of failure)!
Continue anyway?
Aiming: Stone Arrow (quite dangerous; 9% risk of failure)
Press: ? - help, Shift-Dir - straight line, f - Crazy Yiuf
Aim: Crazy Yiuf, wielding a +3 quarterstaff of chaos and wearing a +0 cloak (72% to hit)
Crazy Yiuf hits you with a +3 quarterstaff of chaos!
Crazy Yiuf burns you.
* * * LOW HITPOINT WARNING * * *
😨 HP[-13] MP[-3]
You take 13 damage, and now have 13/32 hp.
MASSIVE DAMAGE!! (PAUSE)
You lost 3 mp, and now have 7/11 mp.
Casting: Stone Arrow (quite dangerous; 9% risk of failure)
Confirm with . or Enter, or press ? or * to list all spells.
The spell is quite dangerous to miscast (9% risk of failure)!
Continue anyway? [Y]es or [N]o only, please.
The spell is quite dangerous to miscast (9% risk of failure)!
Continue anyway?
Aiming: Stone Arrow (quite dangerous; 9% risk of failure)
Press: ? - help, Shift-Dir - straight line, f - Crazy Yiuf
Aim: Crazy Yiuf, wielding a +3 quarterstaff of chaos and wearing a +0 cloak (72% to hit)
The stone arrow hits Crazy Yiuf.
Crazy Yiuf barely misses you. 😨 MP[-3]
You lost 3 mp, and now have 4/11 mp.
Casting: Stone Arrow (quite dangerous; 9% risk of failure)
Confirm with . or Enter, or press ? or * to list all spells.
The spell is quite dangerous to miscast (9% risk of failure)!
Continue anyway? [Y]es or [N]o only, please.
The spell is quite dangerous to miscast (9% risk of failure)!
Continue anyway?
Aiming: Stone Arrow (quite dangerous; 9% risk of failure)
Press: ? - help, Shift-Dir - straight line, f/p - Crazy Yiuf
Aim: Crazy Yiuf, wielding a +3 quarterstaff of chaos and wearing a +0 cloak (moderately wounded, 72% to hit)
The stone arrow misses Crazy Yiuf.
Crazy Yiuf hits you with a +3 quarterstaff of chaos!
You die...

Skill      XL: |  1  2  3  4  5 |
---------------+----------------+-----
Earth Magic    | 4 5 6 |  6.4
Conjurations   | 1 2 |  2.2
Spellcasting   | 3 |  3.3
Dodging        | |  1.5
Stealth        | |  2.1
Transmutations | |  0.7

Action                     |  1- 3 |  4- 6 || total
---------------------------+-------+-------++-------
  Melee: Unarmed           |     6 |     3 ||     9
   Cast: Sandblast         |    55 |    49 ||   104
         Stone Arrow       |       |     3 ||     3
    Use: Scroll            |     5 |       ||     5
   Stab: Sleeping          |     1 |       ||     1
 Armour: Robe              |       |    11 ||    11
  Dodge: Dodged            |    13 |    17 ||    30

Levels and vault maps discovered:
D:1:      minmay_arrival_diagonal_passages, layout_loops_cross,
          supply_closet_lemuel
D:2:      layout_basic
D:3:      layout_loops_cross, mainiacjoe_overflow_catwalk,
          shapermc_ecumenical_altar_mp_urbaneastern
D:4:      layout_loops_ring, chequers_temple_overflow_statue_of_worship,
          serial_shops, shop, uniq_crazy_yiuf_cottage

Notes
Turn   | Place    | Note
-------+----------+-------------------------------------------
     0 | D:1      | kae the Gargoyle Earth Elementalist began the quest for the
                  | Orb.
     0 | D:1      | Reached XP level 1. HP: 10/10 MP: 3/3
     0 | D:1      | magus.rc [v1.11.3]
   125 | D:1      | Reached skill level 4 in Earth Magic
   200 | D:1      | Reached XP level 2. HP: 15/15 MP: 3/5
   510 | D:1      | Learned a level 2 spell: Passwall
   618 | D:1      | You pick up a book of Cantrips and begin reading...
   618 | D:1      | You add the spells Necrotise, Summon Small Mammal and
                  | Apportation to your library.
   664 | D:1      | Reached XP level 3. HP: 19/19 MP: 3/6
   666 | D:1      | Learned a level 1 spell: Apportation
   709 | D:2      | You pick up a book of Armaments and begin reading...
   709 | D:2      | You add the spells Animate Armour and Lehudib's Crystal
                  | Spear to your library.
  1020 | D:2      | You pick up a book of Unlife and begin reading...
  1020 | D:2      | You add the spells Animate Dead, Borgnjor's Vile Clutch and
                  | Death Channel to your library.
  1197 | D:2      | Reached skill level 5 in Earth Magic
  1226 | D:2      | Learned a level 3 spell: Stone Arrow
  1314 | D:3      | Found a faded altar of an unknown god.
  1522 | D:3      | Reached skill level 1 in Conjurations
  1522 | D:3      | Reached XP level 4. HP: 24/24 MP: 3/8
  1678 | D:3      | Found a burning altar of Makhleb.
  2173 | D:4      | Reached skill level 3 in Spellcasting
  2173 | D:4      | Reached XP level 5. HP: 21/28 MP: 6/9
  2334 | D:4      | Found Qoniovik's Weapon Shoppe.
  2378 | D:4      | Reached skill level 6 in Earth Magic
  2456 | D:4      | Reached skill level 2 in Conjurations
  2601 | D:4      | Found a sparkling altar of Nemelex Xobeh.
  2602 | D:4      | Found a bloodstained altar of Trog.
  2603 | D:4      | Found an opulent altar of Gozag.
  2603 | D:4      | Found an ancient bone altar of Kikubaaqudgha.
  2691 | D:4      | Found a runed translucent door.
  2692 | D:4      | Noticed Crazy Yiuf
  2780 | D:4      | HP: 6/28 [orc/+0 short sword (4)]
  2781 | D:4      | Reached XP level 6. HP: 6/32 MP: 3/11
  3003 | D:4      | Slain by Crazy Yiuf

Vanquished Creatures
  A jelly (D:3)
  An orc priest (D:4)
  An iguana (D:4)
  4 gnolls (D:4)
  4 adders (D:4)
  3 worms (D:2)
  4 dart slugs
  6 orcs (D:4)
  9 bats
  5 endoplasms
  3 giant cockroaches
  4 goblins
  5 hobgoblins
  3 jackals (D:1)
  7 ball pythons
  3 frilled lizards (D:1)
  5 rats
68 creatures vanquished.

Table legend:
 A = Non-vault XP
 B = Vault XP
 C = Vault XP percentage of total XP
 D = Non-vault monster count
 E = Vault monster count
 F = Vault count percentage of total count
                 A         B        C        D         E       F
            +---------+---------+-------+---------+---------+-------
      Total |     346 |       0 |   0.0 |      68 |       0 |   0.0
            +---------+---------+-------+---------+---------+-------
        D:1 |      37 |       0 |   0.0 |      20 |       0 |   0.0
        D:2 |      28 |       0 |   0.0 |      12 |       0 |   0.0
        D:3 |      64 |       0 |   0.0 |      12 |       0 |   0.0
        D:4 |     217 |       0 |   0.0 |      24 |       0 |   0.0
            +---------+---------+-------+---------+---------+-------

Illustrated notes

Table legend:
 A = Kills in this place as a percentage of kills in entire the game.
 B = Kills by you in this place as a percentage of kills by you in the entire game.
 C = Kills by friends in this place as a percentage of kills by friends in the entire game.
 D = Other kills in this place as a percentage of other kills in the entire game.
 E = Experience gained in this place as a percentage of experience gained in the entire game.
 F = Experience gained in this place divided by the number of levels of this place that you have seen.
                   A       B       C       D       E      F
               +-------+-------+-------+-------+-------+----------------------
         Total | 100.0 | 100.0 |   N/A |   N/A | 100.0 |  86.5
       Dungeon | 100.0 | 100.0 |   N/A |   N/A | 100.0 |  86.5
               +-------+-------+-------+-------+-------+----------------------

Table legend: (Time is in decaauts)
 A = Elapsed time spent in this place.
 B = Non-inter-level travel time spent in this place.
 C = Inter-level travel time spent in this place.
 D = Time resting spent in this place.
 E = Time spent auto-exploring this place.
 F = Levels seen in this place.
 G = Mean time per level.
                   A        B        C        D        E       F      G
               +--------+--------+--------+--------+--------+-----+--------+
         Total |   3054 |   2961 |     93 |    194 |   2372 |   4 |  763.5 |
       Dungeon |   3054 |   2961 |     93 |    194 |   2372 |   4 |  763.5 |
               +--------+--------+--------+--------+--------+-----+--------+

Top non-repeatable levels by time:
     D:4: 1053 daAuts
     D:3: 745 daAuts
     D:1: 718 daAuts
     D:2: 537 daAuts
